Construct Section Command Post
Selects Heavy Armor Battlegroup
Construct Field Infirmary
Construct Field Infirmary
Selects Rigorous Vehicle Training
Selects Light Vehicle Withdraw and Refit
Construct Platoon Command Post
Light Vehicle Withdraw and Refit
Selects Designate Targets
Selects Forward Repair Assembly
6-pounder Anti-tank Gun Team
6-pounder Anti-tank Gun Team
Construct Company Command Post
Unlock M3 Grant Medium Tanks